 Dungeon Crawl Stone Soup version 0.28.0 (webtiles) character file.

Game seed: 5954191437162237206

21 cbfl8 the Chopper (level 2, -5/40 HPs)
             Began as a Minotaur Berserker on Feb 7, 2022.
             Was a Follower of Trog.
             Slain by a gnoll (8 damage)
             ... on level 2 of the Dungeon.
             The game lasted 00:05:24 (972 turns).

cbfl8 the Chopper (Minotaur Berserker)               Turns: 972, Time: 00:05:24

Health: -5/40      AC:  3    Str: 21    XL:     2   Next: 65%
Magic:  1/1        EV: 11    Int:  4    God:    Trog [*.....]
Gold:   43         SH:  0    Dex:  9    Spells: 1/1 levels left

rFire   . . .      SeeInvis .   a - +0 hand axe
rCold   . . .      Faith    .   (no shield)
rNeg    . . .      Spirit   .   c - +0 leather armour
rPois   .          Reflect  .   (helmet restricted)
rElec   .          Harm     .   (no cloak)
rCorr   .          Rampage  .   (no gloves)
Will    .....                   (no boots)
Stlth   ..........              (no amulet)
HPRegen 0.13/turn               (no ring)
MPRegen 0.07/turn               (no ring)

@: berserking, very quick
A: horns 2, retaliatory headbutt
a: Renounce Religion, Berserk


You were on level 2 of the Dungeon.
You worshipped Trog.
Trog was aware of your devotion.
You visited 1 branch of the dungeon, and saw 2 of its levels.

You collected 43 gold pieces.

Inventory:

Hand Weapons
 a - a +0 hand axe (weapon)
Armour
 b - a +0 animal skin
 c - a +0 leather armour (worn)
Jewellery
 d - a ring of see invisible
Scrolls
 e - a scroll of enchant weapon {unknown}


   Skills:
 + Level 4.1 Fighting
 + Level 4.2 Axes
 + Level 2.7 Armour
 + Level 2.2 Dodging


You had one spell level left.
You didn't know any spells.
Your spell library contained the following spells:

 Spells                   Type           Power      Damage    Failure   Level
 Ensorcelled Hibernation  Hex/Ice        0%         N/A       69%         2
 Passwall                 Tmut/Erth      0%         N/A       69%         2
 Swiftness                Air            0%         N/A       89%         3


Dungeon Overview and Level Annotations

Branches:
Dungeon (2/15)

Altars:

Shops:
D:1 =


Innate Abilities, Weirdness & Mutations

You have a pair of horns on your head.
You reflexively headbutt those who attack you in melee.


Message History

Things that are here:
a +0 whip; a kobold corpse Done exploring.
There is an open door here.
There is an open door here.
There is a stone staircase leading down here.
You climb downwards.
Found a robe.
There is a stone staircase leading up here.
You see here a +0 robe.
You see here a +0 robe.
A giant cockroach comes into view.
The giant cockroach bites you but does no damage.
You hit the giant cockroach.
You kill the giant cockroach!
Trog accepts your kill.
You open the door.
Found a ring mail.
A gnoll comes into view. It is wielding a +3 whip.
Found a scroll labelled ZOOBRA TIWIO.
The gnoll shouts!
You hear a shout! x2
A hound comes into view.
There is an open door here.
A gnoll comes into view. It is wielding a +0 whip.
Found a stone staircase leading down.
A gnoll comes into view. It is wielding a +0 club.
The hound bites you. The hound closely misses you.
The gnoll hits you with a +3 whip. The gnoll hits you with a +3 whip!
The hound barely misses you. The gnoll hits you with a +3 whip.
* * * LOW HITPOINT WARNING * * *
A red film seems to cover your vision as you go berserk!
You feel yourself moving faster!
You feel mighty! The gnoll hits you with a +0 whip.
* * * LOW HITPOINT WARNING * * *
The hound misses you. You furiously retaliate!
You headbutt the hound!
You kill the hound!
Trog accepts your kill. The gnoll hits you with a +3 whip!
You die...

# # # # #
..######### #
>g.g.....# #
#gg..[############
#@....'...........
#.....############
#.....# #....?#
#....... #.#......
#.#......#
#.#......#


You could see 3 gnolls.

Vanquished Creatures
  A hound (D:2)
  3 endoplasms (D:1)
  2 giant cockroaches
  2 hobgoblins (D:1)
  2 jackals (D:1)
  A quokka (D:1)
  2 ball pythons (D:1)
  A bat (D:1)
  A frilled lizard (D:1)
  4 kobolds (D:1)
19 creatures vanquished.

Notes
Turn   | Place    | Note
-------+----------+-------------------------------------------
     0 | D:1      | cbfl8 the Minotaur Berserker began the quest for the Orb.
     0 | D:1      | Reached XP level 1. HP: 19/19 MP: 0/0
   227 | D:1      | Reached XP level 2. HP: 27/27 MP: 1/1
   596 | D:1      | Found Muozi's Jewellery Emporium.
   972 | D:2      | Slain by a gnoll

Illustrated notes

Levels and vault maps discovered:
D:1:      elethiomel_arrival_shortcut, layout_basic, serial_shops, shop
D:2:      layout_basic

Skill      XL: |  1  2 |
---------------+-------+-----
Axes           | 4 |  4.2
Fighting       | 4 |  4.1
Armour         | |  2.7
Dodging        | |  2.2

Action                   || total
-------------------------++-------
Melee: Hand axe          ||    34
       Headbutt          ||     2
Invok: Berserk           ||     1
Armor: Leather armour    ||    14
Dodge: Dodged            ||    26
